 Dungeon Crawl Stone Soup version 0.20-a0-502-g555d78b (webtiles) character file.

32012 Amnesiac the Nimble (level 13, -1/67 HPs)
             Began as a Spriggan Enchanter on Jan 20, 2017.
             Was an Initiate of Gozag.
             Slain by a two-headed ogre
             ... wielding a +0 giant club
              (20 damage)
             ... on level 1 of the Orcish Mines on Jan 21, 2017.
             The game lasted 00:54:24 (19462 turns).

Amnesiac the Nimble (Spriggan Enchanter)           Turns: 19462, Time: 00:54:25

Health: -1/67      AC:  6    Str:  9    XL:     13   Next: 29%
Magic:  26/38      EV: 30    Int: 21    God:    Gozag
Gold:   4275       SH: 14    Dex: 19    Spells: 15/35 levels left

rFire    . . .     SeeInvis +   n - +2 dagger (drain)
rCold    . . .     Gourm    .   Q - +2 robe {MR+}
rNeg     . . .     Faith    .   A - +2 buckler "Lounky" {Int+2}
rPois    .         Spirit   .   v - +1 hat
rElec    .         Reflect  +   j - +0 cloak
rCorr    .         Harm     .   (gloves unavailable)
MR       +++..                  (boots unavailable)
Stlth    +++++.....             X - +4 amulet of reflection
Regen    0.3/turn               a - ring of magical power
                                i - +5 ring of strength

@: repel missiles, very quick
A: unfitting armour, see invisible, herbivore 3, speed 3, slow metabolism 2
a: Potion Petition, Call Merchant, Bribe Branch, Renounce Religion


You were on level 1 of the Orcish Mines.
You worshipped Gozag.
Gozag was most pleased with you.
You were full.

You visited 3 branches of the dungeon, and saw 16 of its levels.
You also visited: Labyrinth.

You collected 4343 gold pieces.
You paid 68 gold pieces to Gozag.

Inventory:

Hand Weapons
 n - a +2 dagger of draining (weapon)
 R - a +0 blowgun
Missiles
 M - 4 throwing nets (quivered)
Armour
 j - a +0 cloak (worn)
 v - a +1 hat (worn)
 A - the +2 buckler "Lounky" (worn) {Int+2}
   (You found it in a labyrinth)

   It affects your intelligence (+2).
 Q - a +2 robe of magic resistance (worn)
Jewellery
 a - a ring of magical power (right hand)
 i - a +5 ring of strength (left hand)
 B - a +1 ring of protection
 E - an uncursed amulet of magic regeneration
 W - an uncursed ring of flight
 X - a +4 amulet of reflection (around neck)
Wands
 d - a wand of random effects (25/48)
 F - a wand of lightning (3/15)
 I - a wand of disintegration (4/24)
 P - a wand of lightning (10/15)
 Y - a wand of iceblast (15/15)
Scrolls
 e - 5 scrolls of remove curse
 f - 4 scrolls of teleportation
 m - 2 scrolls of magic mapping
 r - a scroll of torment {unknown}
 t - a scroll of amnesia
 y - 2 scrolls of fog
 C - a scroll of recharging
 L - 2 scrolls of enchant armour
 N - a scroll of enchant weapon
Potions
 g - 3 potions of cancellation
 k - 3 potions of flight
 o - a potion of brilliance
 p - 2 potions of might {unknown}
 q - 2 potions of lignification
 s - 9 potions of curing
 u - 3 potions of resistance
 w - a potion of ambrosia
 x - 3 potions of magic
 z - 2 potions of degeneration
 G - a potion of berserk rage
 H - 2 potions of heal wounds
 J - a potion of agility
 K - 2 potions of haste
 O - a potion of experience
 U - a potion of mutation
Books
 c - a book of Maledictions

   Spells                             Type                      Level
   a - Corona                         Hexes                        1
   b - Ensorcelled Hibernation        Hexes/Ice                    2
   c - Confuse                        Hexes                        3
   d - Tukima's Dance                 Hexes                        3
   e - Dazzling Spray                 Conjuration/Hexes            3
 h - a book of Spatial Translocations

   Spells                             Type                      Level
   a - Blink                          Translocation                2
   b - Shroud of Golubria             Charms/Translocation         2
   c - Lesser Beckoning               Translocation                3
   d - Portal Projectile              Translocation                3
   e - Teleport Other                 Translocation                3
   f - Passage of Golubria            Translocation                4
 l - a book of Debilitation

   Spells                             Type                      Level
   a - Corona                         Hexes                        1
   b - Slow                           Hexes                        2
   c - Gell's Gravitas                Hexes/Translocation          3
   d - Inner Flame                    Hexes/Fire                   3
   e - Cause Fear                     Hexes                        4
   f - Leda's Liquefaction            Hexes/Earth                  4
 V - a book of Minor Magic

   Spells                             Type                      Level
   a - Magic Dart                     Conjuration                  1
   b - Blink                          Translocation                2
   c - Call Imp                       Summoning                    2
   d - Repel Missiles                 Charms/Air                   2
   e - Slow                           Hexes                        2
   f - Conjure Flame                  Conjuration/Fire             3
   g - Mephitic Cloud                 Conjuration/Poison/Air       3
 Z - the Compendium of Assistive Moulding
   (You found it in a labyrinth)

   Spells                             Type                      Level
   a - Repel Missiles                 Charms/Air                   2
   b - Spider Form                    Transmutation/Poison         3
   c - Ice Form                       Ice/Transmutation            4
   d - Petrify                        Transmutation/Earth          4
   e - Ring of Flames                 Charms/Fire                  7
Comestibles
 D - 8 bread rations


   Skills:
 - Level 7.0 Fighting
 - Level 8.0 Short Blades
 - Level 13.0 Dodging
 - Level 12.0 Stealth
 - Level 7.2 Shields
 + Level 11.8 Spellcasting
 + Level 11.8 Hexes


You had 15 spell levels left.
You knew the following spells:

 Your Spells              Type           Power        Failure   Level  Hunger
a - Dazzling Spray        Conj/Hex       #####.       1%          3    None
b - Repel Missiles        Chrm/Air       ##....       12%         2    None
c - Blink                 Tloc           N/A          12%         2    None
d - Mephitic Cloud        Conj/Pois/Air  ##......     21%         3    None
e - Confuse               Hex            ######..     1%          3    None
g - Call Imp              Summ           ##......     12%         2    None
w - Tukima's Dance        Hex            ######..     1%          3    None
z - Ensorcelled Hibernat  Hex/Ice        #####.       1%          2    None


Dungeon Overview and Level Annotations

Branches:
Dungeon (13/15)            Temple (1/1) D:6            Lair (0/6) D:11
    Orc (2/2) D:12            Elf (0/3) Orc:2
 Vaults: D:13-14

Altars:
Ashenzari
Cheibriados
Dithmenos
Elyvilon
Fedhas
Gozag
Hepliaklqana
Kikubaaqudgha
Makhleb
Nemelex Xobeh
Okawaru
Qazlal
Ru
Sif Muna
Trog
Uskayaw
Vehumet
Xom
Yredelemnul
Zin
The Shining One

Shops:
D:6 [   D:8 %   D:11 *   Orc:2 [

Annotations:
Orc:2 Saint Roka


Innate Abilities, Weirdness & Mutations

You are very small and have problems with some larger weapons.
You are too small for most types of armour.
You have supernaturally acute eyesight. (SInv)
You are a herbivore.
You cover ground extremely quickly.
You need consume almost no food.


Message History

Aim: Saint Roka, wearing a glowing plate armour (lightly wounded, hasn't noticed you, chance to defeat MR: 26%)
The orc is no longer distracted by gold.
The orc shouts!
The orc barely resists.
Saint Roka shouts!
Saint Roka invokes the aid of Beogh against you.
Beogh smites you!
* * * LOW HITPOINT WARNING * * *
Saint Roka roars a battlecry!
The orc goes into a battle-frenzy!
You climb upwards.
An orc warrior and an orc wizard come into view.
The orc shouts!
The orc wizard shouts!
The warg howls! x2
The orc wizard shouts!
The orc warrior shouts!
The orc shouts!
The orc wizard shouts!
The orc warrior shouts!
The orc shouts!
You hear a shout! x2
The ogre completely misses you.
The two-headed ogre hits you with a giant club!!
You die...
Your body crumbles into a pile of gold. .##...o......#. .........oo.... .......o.o..o.. $#......ho..oo.. $ h...o.oo..o.#o. ..o....$ho..... $ $ o.O...OoOOo..o.

....o.o@.......
.##.#.#........
.. .......$. $
#.. ..........
#. .......o.$#
.. ............
. ..$..........
..##..##.####.
$ $


You could see an orc warlord (wandering), 2 two-headed ogres, 3 wargs, 7 orc
warriors, 2 ogres, an orc priest (wandering), 6 orc wizards and 8 orcs.

Vanquished Creatures
  Rupert (Orc:2)
  A minotaur (Lab)
  Harold (Orc:1)
  A centaur warrior (D:11)
  6 two-headed ogres
  A skeletal warrior (D:12)
  2 iron trolls (D:10)
  2 deep trolls (D:10)
  2 orc knights
  An unseen horror (D:10)
  A cyclops (D:11)
  2 orc sorcerers (Orc:2)
  A manticore (D:11)
  The ghost of CcS the Grappler, a novice GrMo of Cheibriados (D:6)
  A gargoyle (D:13)
  A kobold demonologist (D:12)
  11 trolls
  2 hippogriffs
  2 redbacks (Lab)
  Sigmund (D:5)
  2 wraiths
  2 wyverns (D:12)
  8 yaks
  5 humans (D:8)
  6 wargs
  A soldier ant (D:12)
  3 acid dragons (D:12)
  2 porcupines (D:11)
  Edmund (D:6)
  A water moccasin (D:8)
  5 ice beasts
  3 sky beasts
  22 orc warriors
  2 black bears
  3 necrophages
  A phantom (D:8)
  9 centaurs
  17 ogres
  A crocodile (D:10)
  2 big kobolds
  Blork the orc (D:6)
  13 bullfrogs
  2 gnoll sergeants
  2 scorpions
  5 killer bees (D:7)
  3 wights (D:12)
  6 howler monkeys
  3 electric eels (D:10)
  6 crimson imps
  7 centaur skeletons
  A centaur zombie (D:7)
  8 hounds
  6 bullfrog skeletons
  19 orc priests
  4 jellies
  21 orc wizards
  Natasha (thrice) (D:4)
  An iguana (D:10)
  6 worker ants
  A hound zombie (D:7)
  A howler monkey zombie (D:9)
  A worker ant zombie (D:6)
  6 adders
  15 gnolls
  A howler monkey skeleton (D:10)
  4 shadow imps
  An ooze (D:3)
  2 adder skeletons
  A worm (D:2)
  A dart slug (D:1)
  8 leopard geckos
  97 orcs
  4 bats
  11 goblins
  11 hobgoblins
  18 jackals
  2 quokkas
  2 ball pythons
  5 frilled lizards
  A jackal skeleton (D:4)
  15 kobolds
  2 leopard gecko skeletons
  A quokka zombie (D:6)
  6 rats
471 creatures vanquished.

Vanquished Creatures (others)
  4 dancing weapons
  A centaur (D:11)
  A scorpion (D:11)
  A dart slug (D:1)
  An orc (Orc:2)
  A hobgoblin (D:1)
  2 kobolds (D:1)
  7 fungi (D:11)
  10 plants (D:8)
28 creatures vanquished.

Grand Total: 499 creatures vanquished

Notes
Turn   | Place    | Note
-------+----------+-------------------------------------------
     0 | D:1      | Amnesiac the Spriggan Enchanter began the quest for the Orb.
     0 | D:1      | Reached XP level 1. HP: 9/9 MP: 5/5
   360 | D:2      | Reached XP level 2. HP: 12/13 MP: 4/7
   370 | D:2      | Learned a level 2 spell: Ensorcelled Hibernation
   879 | D:2      | Reached XP level 3. HP: 16/16 MP: 2/9
  1130 | D:3      | Noticed Sigmund
  1154 | D:3      | Learned a level 3 spell: Tukima's Dance
  1301 | D:3      | Learned a level 3 spell: Confuse
  1542 | D:4      | Noticed Natasha
  1547 | D:4      | Killed Natasha
  1547 | D:4      | Reached skill level 4 in Dodging
  1547 | D:4      | Reached XP level 4. HP: 21/21 MP: 11/11
  1602 | D:4      | Reached skill level 5 in Stealth
  1602 | D:4      | Reached XP level 5. HP: 24/24 MP: 12/12
  1606 | D:4      | Noticed Natasha
  1616 | D:4      | Killed Natasha
  1826 | D:4      | Noticed Natasha
  1847 | D:4      | Killed Natasha
  2309 | D:5      | Entered Level 5 of the Dungeon
  2493 | D:5      | Noticed a black bear
  2504 | D:5      | Killed a black bear
  2504 | D:5      | Reached skill level 5 in Dodging
  2504 | D:5      | Reached XP level 6. HP: 21/28 MP: 8/14
  2669 | D:5      | Learned a level 3 spell: Dazzling Spray
  3049 | D:5      | Reached skill level 5 in Spellcasting
  3100 | D:5      | Reached skill level 5 in Hexes
  3658 | D:5      | Reached XP level 7. HP: 32/32 MP: 10/15
  3684 | D:6      | Noticed CcS's ghost (novice GrMo)
  3692 | D:6      | Noticed Edmund
  3703 | D:6      | Killed Edmund
  3738 | D:6      | Found a blossoming altar of Fedhas.
  4110 | D:6      | Killed CcS's ghost
  4110 | D:6      | Reached skill level 6 in Dodging
  4110 | D:6      | Reached XP level 8. HP: 36/36 MP: 7/18
  4245 | D:6      | Found Oruemmif's Antique Armour Shop.
  4597 | D:6      | Found a staircase to the Ecumenical Temple.
  4636 | Temple   | Entered the Ecumenical Temple
  4897 | Temple   | Became a worshipper of Gozag Ym Sagoz the Greedy
  4953 | D:6      | Noticed Blork the orc
  4957 | D:6      | Killed Blork the orc
  4957 | D:6      | Reached skill level 7 in Dodging
  7050 | D:5      | Killed Sigmund
  7050 | D:5      | Reached skill level 5 in Short Blades
  7454 | D:7      | Reached skill level 8 in Dodging
  7539 | D:7      | Reached XP level 9. HP: 39/39 MP: 20/20
  8235 | D:8      | Found Fughesac's Food Shoppe.
  8267 | D:8      | Reached skill level 10 in Stealth
  8307 | D:8      | Reached skill level 9 in Dodging
  8594 | D:8      | Reached XP level 10. HP: 44/44 MP: 23/23
  9440 | D:8      | Reached skill level 10 in Dodging
 10177 | D:9      | Found a shimmering altar of Xom.
 10177 | D:9      | Found a shimmering altar of Xom.
 10177 | D:9      | Found a shimmering altar of Xom.
 10179 | D:9      | Found a shimmering altar of Xom.
 10180 | D:9      | Found a shimmering altar of Xom.
 10279 | D:9      | Reached skill level 11 in Dodging
 10763 | D:10     | Entered Level 10 of the Dungeon
 10763 | D:10     | Found a shadowy altar of Dithmenos.
 10792 | D:10     | Noticed a two-headed ogre
 10800 | D:10     | Killed a two-headed ogre
 10800 | D:10     | Reached skill level 12 in Dodging
 10890 | D:10     | Reached skill level 13 in Dodging
 11196 | D:10     | Noticed an unseen horror
 11201 | D:10     | Killed an unseen horror
 11201 | D:10     | Reached skill level 10 in Spellcasting
 11201 | D:10     | Reached XP level 11. HP: 47/47 MP: 21/26
 11457 | D:10     | Noticed a deep troll
 11457 | D:10     | Noticed a deep troll
 11457 | D:10     | Noticed an iron troll
 11617 | D:10     | Killed a deep troll
 11635 | D:10     | Noticed an iron troll
 11642 | D:10     | Killed a deep troll
 11642 | D:10     | Reached skill level 10 in Hexes
 11648 | D:10     | Reached skill level 1 in Fighting
 12191 | D:10     | Killed an iron troll
 12720 | D:10     | Killed an iron troll
 12946 | D:11     | Reached skill level 5 in Fighting
 13078 | D:11     | Found a labyrinth entrance.
 13095 | Lab      | Entered a labyrinth
 14240 | Lab      | Noticed a minotaur
 14244 | Lab      | Killed a minotaur
 14245 | Lab      | Identified the Compendium of Assistive Moulding
 14261 | Lab      | Got a heavily runed buckler
 14341 | D:11     | Found Hiereer's General Store.
 14446 | D:11     | Reached skill level 1 in Shields
 14456 | D:11     | Reached XP level 12. HP: 32/63 MP: 4/27
 14527 | D:10     | Identified the +2 buckler "Lounky" {Int+2} (You found it in a labyrinth)
 14896 | D:11     | Noticed a centaur warrior
 14942 | D:11     | Killed a centaur warrior
 15010 | D:11     | Found a staircase to the Lair.
 15210 | D:12     | Learned a level 2 spell: Repel Missiles
 15214 | D:12     | Learned a level 2 spell: Blink
 15218 | D:12     | Learned a level 3 spell: Mephitic Cloud
 15221 | D:12     | Learned a level 2 spell: Call Imp
 15318 | D:12     | Noticed a two-headed ogre
 15325 | D:12     | Noticed a two-headed ogre
 15326 | D:12     | Killed a two-headed ogre
 15347 | D:12     | Killed a two-headed ogre
 15347 | D:12     | Reached skill level 5 in Shields
 15440 | D:12     | Found a staircase to the Orcish Mines.
 16376 | Orc:1    | Entered Level 1 of the Orcish Mines
 16376 | Orc:1    | Noticed a two-headed ogre
 16382 | Orc:1    | Killed a two-headed ogre
 16433 | Orc:1    | Noticed Harold
 16455 | Orc:1    | Killed Harold
 16761 | Orc:2    | Entered Level 2 of the Orcish Mines
 16871 | Orc:2    | Noticed a two-headed ogre
 17723 | Orc:2    | Noticed a two-headed ogre
 17736 | Orc:2    | Killed a two-headed ogre
 17770 | Orc:2    | Killed a two-headed ogre
 17918 | Orc:1    | Noticed an orc warlord
 17919 | Orc:1    | Noticed a two-headed ogre
 17919 | Orc:1    | Noticed a two-headed ogre
 17986 | Orc:2    | Reached XP level 13. HP: 67/67 MP: 28/28
 18210 | Orc:2    | Found a staircase to the Elven Halls.
 18747 | Orc:2    | Found Yppo's Antique Armour Emporium.
 18747 | Orc:2    | Noticed Rupert
 18810 | Orc:2    | Noticed an orc warlord
 18846 | Orc:2    | Noticed Saint Roka
 19071 | Orc:2    | Killed Rupert
 19462 | Orc:1    | Slain by a two-headed ogre

Vault maps used:
D:1:      moated_graveyard_arrival, lemuel_old_faithful
D:2:      corexii_corridor_pit, minmay_vboxes
D:3:      first_bread, uniq_sigmund
D:4:      uniq_natasha
D:5:      black_bear_nest_2, hangedman_abyss_or_decor_lesser_grid
D:6:      basic_altar, serial_shops, shop, uniq_edmund, uniq_blork_the_orc
D:7:      grunt_ogre_cave
D:8:      kennysheep_housing_project, serial_shops, shop, minmay_ruffians
D:9:      xom_redecorated
D:10:     lemuel_troll_bridge, grunt_dithmenos_smoke_and_mirrors
D:11:     grunt_lair_entry_orc_guard_hut, lab_entry_generic, serial_shops, shop
D:12:     orc_0_dummy
D:13:     nicolae_ru_sacrificial_ziggurat
Temple:   nicolae_temple_the_god_donut
Orc:1:    uniq_harold
Orc:2:    pubby_orc_utopia, serial_shops, uniq_rupert, uniq_saint_roka
Lab:      nicolae_lab_diamond, nicolae_lab_t_cross

Skill      XL: |  1  2  3  4  5  6  7  8  9 10 11 12 13 |
---------------+----------------------------------------+-----
Spellcasting   | 3 4 5 6 7 8 10 11 | 11.8
Hexes          | 4 5 6 7 8 10 11 | 11.8
Dodging        | 4 5 6 8 9 13 | 13.0
Short Blades   | 2 3 4 5 7 8 |  8.0
Stealth        | 5 6 7 9 10 11 12 | 12.0
Fighting       | 7 |  7.0
Shields        | 1 7 |  7.2

Action                   |  1- 3 |  4- 6 |  7- 9 | 10-12 | 13-15 || total
-------------------------+-------+-------+-------+-------+-------++-------
Melee: Dagger            |   129 |    45 |   230 |   467 |   137 ||  1008
 Cast: Corona            |     9 |       |       |       |       ||     9
       Ensorcelled Hiber |    24 |    30 |   104 |   226 |    65 ||   449
       Tukima's Dance    |     2 |       |       |     2 |     7 ||    11
       Confuse           |       |    10 |    21 |   114 |    16 ||   161
       Dazzling Spray    |       |       |     3 |    20 |     5 ||    28
       Repel Missiles    |       |       |       |     1 |       ||     1
  Use: Scroll            |       |       |       |    30 |       ||    30
 Stab: Sleeping          |    19 |    22 |    95 |   176 |    36 ||   348
       Confused          |       |     3 |    12 |    38 |     3 ||    56
       Distracted        |       |       |     2 |     6 |     1 ||     9
       Invisible         |       |       |       |     3 |     2 ||     5
       Held in net/web   |       |       |       |     3 |       ||     3
  Eat: Royal jelly       |       |     1 |       |     3 |       ||     4
       Bread ration      |       |     1 |       |       |     1 ||     2
       Fruit             |       |       |       |     2 |       ||     2
       Pizza             |       |       |       |     1 |       ||     1
Armor: Robe              |    18 |     4 |    11 |     9 |     1 ||    43
Dodge: Dodged            |   127 |    23 |   148 |   249 |    42 ||   589
Block: Other             |       |       |       |    19 |       ||    19
       Reflection        |       |       |       |    20 |       ||    20
       Buckler           |       |       |       |   130 |    56 ||   186
